AoeStats
← renemallet1997

Arabia

507372252Analyzed
1v1 RM · 2mo ago on Sep 17, 2026· 73m 35s· 2 players
Game mode
Random Map
Map size
Tiny (2 player)
Population
200
Speed
Normal
Resources
Standard
Victory
Conquest
Starting age
Dark Age
Ending age
Imperial Age
RankedLock teamsTeams togetherTeam positionsShared explorationLock speedFull tech treeHidden civsTurbo modeCheats
Victory
Defeat
🇬🇧 Britons · United Kingdom
290
+18
vs
🇨🇱 Spanish · Chile
342
-18
The_Wearside_Wanderer
12:05 Feudal Age
15:17 Double-Bit Axe
19:09 Castle Age
19:22 Horse Collar
24:08 Wheelbarrow
30:10 Hand Cart
29:59 Pikeman
30:09 Crossbowman
31:04 Padded Archer Armor
31:09 Heavy Plow
31:36 Stone Mining
31:36 Gold Mining
32:12 Elite Skirmisher
38:03 Imperial Age
35:49 Bow Saw
36:17 Leather Archer Armor
37:02 Fletching
38:47 Gold Shaft Mining
40:34 Yeomen
41:36 Halberdier
43:31 Elite Longbowman
46:23 Arbalester
46:27 Heavy Cavalry Archer
54:48 Ring Archer Armor
54:22 Bodkin Arrow
54:51 Warwolf
renemallet1997
11:50 Feudal Age
10:12 Loom
13:29 Wheelbarrow
12:47 Double-Bit Axe
13:57 Horse Collar
26:53 Castle Age
25:26 Man-at-Arms
26:24 Forging
26:16 Padded Archer Armor
26:19 Scale Mail Armor
28:26 Heavy Plow
28:40 Bow Saw
30:24 Hand Cart
32:05 Pikeman
32:09 Elite Skirmisher
32:14 Light Cavalry
33:02 Gold Mining
33:08 Stone Mining
36:19 Imperial Age
37:02 Town Watch
41:03 Town Patrol
40:38 Halberdier
40:56 Hussar
44:58 Scale Barding Armor
45:30 Iron Casting
46:55 Fletching
47:27 Chain Barding Armor
46:37 Cavalier
70:38 Husbandry
Connection lost

Rejoining the realm…

Still unreachable

The connection could not be restored.

Session expired

The server has moved on; the page needs a fresh start.